 Dungeon Crawl Stone Soup version 0.26-a0-597-gb535b0901c (webtiles) character file.

Game seed: 1933916599310231264

(classic levelgen) 171856 EnegeticOcto the Severer (level 17, -5/159 HPs)
             Began as a Deep Dwarf Fighter on Sept 1, 2020.
             Was the Champion of Makhleb.
             Slain by the Royal Jelly (16 damage)
             ... on level 5 of the Pits of Slime.
             The game lasted 00:16:42 (17396 turns).

EnegeticOcto the Severer (Deep Dwarf Fighter)      Turns: 17396, Time: 00:16:43

Health: -5/159     AC: 15    Str: 37    XL:     17   Next: 15%
Magic:  1/7        EV: 10    Int: 10    God:    Makhleb [******]
Gold:   305        SH: 15    Dex: 12    Spells: 16/16 levels left

rFire    . . .     SeeInvis +   a - +2 broad axe (elec)
rCold    + . .     Faith    +   c - +0 kite shield
rNeg     + . .     Spirit   .   L - +10 plate armour "Dyshrin" {*Contam Rampage rF+ Regen+}
rPois    .         Reflect  .   G - +1 helmet of the Morning Star {-Cast rCorr Str+5}
rElec    .         Harm     .   h - +2 cloak of the Thief {*Fog Slay-2 SInv Stlth+}
rCorr    +         NoCast   +   f - +2 pair of gloves
MR       ++...                  v - +2 pair of boots
Stlth    ..........             r - amulet of faith
HPRegen  0.00/turn              J - +6 ring of strength
MPRegen  0.10/turn              p - ring of ice

@: corroded, non-regenerating
A: damage resistance, heal wounds, negative energy resistance 1, sense
surroundings 2, no regeneration
}: 1/15 runes: gossamer
a: Heal Wounds, Minor Destruction, Lesser Servant of Makhleb, Major Destruction,
Greater Servant of Makhleb, Renounce Religion


You were on level 5 of the Pits of Slime.
You worshipped Makhleb.
Makhleb was exalted by your worship.
You visited 6 branches of the dungeon, and saw 33 of its levels.

You collected 2635 gold pieces.
You spent 2330 gold pieces at shops.

Inventory:

Hand Weapons
 a - a +2 broad axe of electrocution (weapon)
Armour
 c - a +0 kite shield (worn)
 f - a +2 pair of gloves (worn)
 h - the +2 cloak of the Thief (worn) {*Fog Slay-2 SInv Stlth+}
   (You found it on level 8 of the Dungeon)

   It affects your accuracy and damage with ranged weapons and melee attacks
   (-2).
   It lets you see invisible.
   It makes you more stealthy.
 v - a +2 pair of boots (worn)
 G - the +1 helmet of the Morning Star (worn) {-Cast rCorr Str+5}
   (You found it on level 3 of the Lair of Beasts)

   It affects your strength (+5).
   It prevents spellcasting.
   It provides partial protection from all sources of acid and corrosion.
 L - the +10 plate armour "Dyshrin" (worn) {*Contam Rampage rF+ Regen+}
   (You bought it in a shop on level 2 of the Orcish Mines)

   It protects you from fire.
   It causes magical contamination when unequipped.
   It increases your rate of regeneration.
   It bestows one free step when moving towards enemies.
Jewellery
 p - a ring of ice (right hand)
 r - an amulet of faith (around neck)
 y - the cursed ring "Xiruokh" {+Fly rElec rF- Dex-4}
   (You found it on level 6 of the Dungeon)

   [ring of dexterity]

   It affects your dexterity (-4).
   It makes you vulnerable to fire.
   It insulates you from electricity.
   It lets you fly.
   It has a curse placed upon it.
 J - a +6 ring of strength (left hand)
Wands
 b - a wand of acid (1) {@v1}
 l - a wand of iceblast (3) {@v2}
 o - a wand of paralysis (7)
 B - a wand of digging (8) {@v3}
Scrolls
 k - 5 scrolls of magic mapping {@r5}
 m - a scroll of fog
 n - 14 scrolls of remove curse {@r2}
 q - a scroll of blinking
 s - 14 scrolls of teleportation {@r3}
 x - a scroll of immolation {@r4}
 F - 4 scrolls of identify {@r1}
 I - a scroll of fear
Potions
 d - a potion of might {@q3}
 g - 2 potions of magic
 i - 5 potions of ambrosia
 j - 4 potions of flight
 u - 2 potions of heal wounds {@q2}
 w - a potion of berserk rage
 z - 6 potions of mutation
 A - 4 potions of cancellation
 C - 3 potions of stabbing {@q5}
 D - 3 potions of invisibility
 H - 3 potions of lignification {@q7}
Miscellaneous
 e - a condenser vane (inert)


   Skills:
 + Level 11.7 Fighting
 - Level 18.0 Axes
 + Level 13.6 Armour
 + Level 3.4 Dodging
 + Level 13.5 Shields
 * Level 17.3 Invocations
 + Level 9.5 Evocations


You had 16 spell levels left.
You didn't know any spells.
Your spell library was empty.

Dungeon Overview and Level Annotations

Branches:
Dungeon (15/15)            Temple (1/1) D:6            Lair (6/6) D:10
  Swamp (0/4) Lair:3       Spider (4/4) Lair:2        Slime (5/5) Lair:5
    Orc (2/2) D:11            Elf (0/3) Orc:2        Depths (0/5) D:15
 Vaults: D:13-14

Altars:
Ashenzari
Cheibriados
Dithmenos
Elyvilon
Fedhas
Gozag
Hepliaklqana
Kikubaaqudgha
Makhleb
Nemelex Xobeh
Okawaru
Qazlal
Ru
Sif Muna
Trog
Uskayaw
Vehumet
Wu Jian
Xom
Yredelemnul
Zin
The Shining One
Beogh

Shops:
D:9 ?   D:11 (   Orc:2 !:[!*

Annotations:
D:4 exclusion: oklob plant
Slime:5 Royal Jelly


Innate Abilities, Weirdness & Mutations

You are resistant to damage.
You can heal yourself by infusing magical energy.
You resist negative energy. (rN+)
You passively map the area around you.
You do not regenerate.


Message History

You are too injured to fight recklessly!
You feel much better. The death ooze hits you!
You block the death ooze's attack. The acid blob barely misses you.
The acid blob hits you.
You are splashed with acid.
You resist.
The azure jelly is engulfed in blazing flames.
You kill the azure jelly!
That felt strangely unrewarding.
The death ooze jiggles.
The death ooze hits you but does no damage.
The death ooze closely misses you.
You feel much better. You block the acid blob's attack. x2
You block the death ooze's attack. The death ooze hits you.
You hit the acid blob but do no damage.
Your hands burn!
The acid blob is almost dead.
You slash the death ooze!
The death ooze explodes!
The fiery explosion engulfs the acid blob!!!
You kill the acid blob!
Makhleb accepts your kill. The fiery explosion engulfs you!
You slice the acid blob!!
The acid blob explodes!
The fiery explosion engulfs the death ooze!
Flame seeps out of the death ooze.
The death ooze is moderately damaged.
The fiery explosion engulfs you.
The fiery explosion engulfs the golden eye!
The golden eye is almost dead.
You slice the death ooze!!
Flame seeps out of the death ooze.
The death ooze is engulfed in blazing flames.
The death ooze explodes!
The fiery explosion engulfs you!!
* * * LOW HITPOINT WARNING * * *
With a swish of your cloak, you release a cloud of fog.
The fiery explosion engulfs the golden eye!!
You kill the golden eye!
Makhleb accepts your kill.
You feel better.
You are too injured to fight recklessly!
You are too injured to fight recklessly!
You are too injured to fight recklessly!
You are too injured to fight recklessly!
You are too injured to fight recklessly!
You are too injured to fight recklessly!
You are too injured to fight recklessly!
You are too injured to fight recklessly!
You are too injured to fight recklessly!
You are too injured to fight recklessly!
You are too injured to fight recklessly!
You are too injured to fight recklessly!
You are too injured to fight recklessly!
You are too injured to fight recklessly!
You feel much better.
The golden eye is engulfed in acidic fog.
The golden eye is splashed with acid.
The acid corrodes the golden eye!
You kill the golden eye!
Makhleb accepts your kill.
You feel better. The eye of draining gazes at you.
You feel your power leaking away.
You feel much better. The Royal Jelly hits you!!
You are splashed with acid.
You resist. The Royal Jelly hits you. The acid corrodes you!
You are splashed with acid.
You resist.
You barely miss the Royal Jelly.
The Royal Jelly is heavily wounded.
You block the Royal Jelly's attack.
The Royal Jelly hits you but does no damage.
Evoke which item? (* to show all) (? for menu, Esc to quit)
Okay, then.
A demon appears!
The Royal Jelly hits you!!
You are splashed with acid.
You resist. The Royal Jelly hits you!
* * * LOW HITPOINT WARNING * * *
You are splashed with acid.
You resist.
* * * LOW HITPOINT WARNING * * *
The Royal Jelly barely misses you. You block the Royal Jelly's attack.
A demon appears!
You block the Royal Jelly's attack.
The Royal Jelly hits you but does no damage.
The eye of draining is engulfed in blazing flames.
Your green death gestures at the eye of draining.
The blast of poison engulfs the eye of draining!!
The eye of draining is poisoned.
The eye of draining dies!
Makhleb accepts your kill.
You are too injured to fight recklessly!
You are too injured to fight recklessly!
You are too injured to fight recklessly!
You are too injured to fight recklessly!
You are too injured to fight recklessly!
You are too injured to fight recklessly!
You are too injured to fight recklessly!
You feel much better. The Royal Jelly hits you! The acid corrodes you!
You are splashed with acid.
You resist.
* * * LOW HITPOINT WARNING * * *
You block the Royal Jelly's attack.
The shining eye is poisoned.
A demon appears!
The Royal Jelly hits you!!
* * * LOW HITPOINT WARNING * * *
With a swish of your cloak, you release a cloud of fog.
The acid corrodes you!
You are splashed with acid.
You resist.
* * * LOW HITPOINT WARNING * * *
The Royal Jelly hits you!
You die...

, ,
,,,.................
,, .................
,, .................
, ,,
..☼○.○........... ,
...○°°○.......... ,
...°○☼§○§§....... ,
, ,
...○§G§2§§○...... ,,
,,,...##§22§§#......
,, , ,
*###@######..., , ,
, , , , #J§#* ... ,
, , ** ##°# * .., ,
, * , §#* , * , , ,
* , ,, ##, ,, , , *
, , * .##, * , , , ,
* , .#)* * * , * *
.### ** , ,, ,, , *
, , , ,, ,


You could see the Royal Jelly (inner flame), a shining eye (poisoned), a
friendly cacodemon (summoned) and 2 friendly green deaths.

Vanquished Creatures
  11 acid blobs
  Gastronok (D:11)
  4 ghost moths
  7 azure jellies
  3 orc warlords
  6 emperor scorpions
  3 entropy weavers (Spider:3)
  5 death oozes (Slime:5)
  3 ogre magi
  4 hydras
  Fannar (D:12)
  A great orb of eyes (Slime:5)
  A centaur warrior (D:14)
  17 two-headed ogres
  The ghost of Begoul the Basher, a novice GnCK of Xom (D:8)
  A deep elf knight (Orc:1)
  An orc high priest (Orc:1)
  Nergalle (D:12)
  Sonja (D:12)
  5 skeletal warriors (D:15)
  2 unseen horrors
  2 deep trolls (Orc:2)
  A glowing orange brain (Slime:5)
  Pikel (D:7)
  2 orc knights (Orc:2)
  13 orb spiders
  9 wolf spiders
  3 deep elf magi
  5 ugly things
  5 cyclopes
  4 orc sorcerers
  3 shining eyes
  2 moths of wrath
  A centaur zombie (D:15)
  An eye of devastation (Slime:2)
  6 elephants (Lair:3)
  2 naga magi (D:15)
  A black mamba (Lair:4)
  A gargoyle (D:15)
  12 cane toads
  7 demonic crawlers
  A kobold demonologist (D:12)
  3 rime drakes
  6 komodo dragons
  14 jumping spiders
  18 trolls
  6 hippogriffs
  A hornet (Spider:3)
  24 blink frogs
  Prince Ribbit (Lair:1)
  4 dream sheep (Lair:6)
  55 slime creatures
  A hippogriff (shapeshifter) (D:14)
  38 redbacks
  27 tarantellas
  2 wyverns
  6 golden eyes
  36 yaks
  5 basilisks
  Menkaure (D:4)
  6 wargs
  10 water moccasins
  A soldier ant (D:11)
  An acid dragon (D:12)
  14 porcupines
  7 black bears
  4 sky beasts
  5 eyes of draining
  An ice beast (D:10)
  24 orc warriors
  4 phantoms
  10 wolves
  15 centaurs
  25 ogres
  3 lemures (D:7)
  11 crocodiles
  3 big kobolds
  A gnoll sergeant (Orc:2)
  10 bullfrogs
  2 scorpions
  A wyvern skeleton (D:14)
  7 killer bees
  An electric eel (Lair:4)
  8 howler monkeys
  6 jellies
  2 quasits
  8 hounds
  3 bullfrog zombies
  21 orc priests
  A bullfrog skeleton (D:10)
  31 orc wizards
  4 centaur skeletons
  Ijyb (D:3)
  An iguana (D:12)
  11 worker ants
  6 hell rats (Lair:3)
  A bullfrog simulacrum (D:12)
  A hound skeleton (D:8)
  A howler monkey zombie (D:5)
  A worker ant zombie (D:11)
  12 adders
  10 river rats (Lair:3)
  4 shadow imps
  2 white imps
  4 ufetubi
  2 oozes (Lair:5)
  3 worms
  A dart slug (D:3)
  4 leopard geckos
  100 orcs
  5 giant cockroaches
  9 goblins
  2 hobgoblins
  17 jackals
  16 kobolds
  6 quokkas (Lair:3)
  2 ball pythons (D:2)
  5 bats
  A frilled lizard (D:5)
  A giant cockroach zombie (D:6)
  3 goblin zombies (D:7)
  3 hobgoblin zombies (D:7)
  3 kobold skeletons (D:7)
  A kobold zombie (D:7)
  A leopard gecko zombie (D:7)
  An orc zombie (D:7)
  12 rats
912 creatures vanquished.

Vanquished Creatures (collateral kills)
  2 acid blobs (Slime:5)
  An emperor scorpion (Spider:4)
  A death ooze (Slime:5)
  A great orb of eyes (Slime:5)
  3 orb spiders (Spider:4)
  A shining eye (Slime:1)
  2 wolf spiders (Spider:4)
  4 jumping spiders
  3 slime creatures (Slime:5)
  7 redbacks
  An eye of draining (Slime:5)
26 creatures vanquished.

Vanquished Creatures (others)
  12 fungi
  33 plants
  12 toadstools (D:4)
57 creatures vanquished.

Grand Total: 995 creatures vanquished

Notes
Turn   | Place    | Note
-------+----------+-------------------------------------------
     0 | D:1      | EnegeticOcto the Deep Dwarf Fighter began the quest for the
                  | Orb.
     0 | D:1      | Reached XP level 1. HP: 20/20 MP: 1/1
   134 | D:2      | Reached XP level 2. HP: 25/27 MP: 2/2
   158 | D:3      | Reached skill level 3 in Axes
   158 | D:3      | Reached XP level 3. HP: 24/34 MP: 3/3
   167 | D:3      | Noticed Ijyb
   206 | D:3      | Killed Ijyb
   206 | D:3      | Reached XP level 4. HP: 28/42 MP: 4/4
   238 | D:3      | Found a basalt altar of Yredelemnul.
   292 | D:3      | Reached skill level 4 in Axes
   295 | D:3      | Reached XP level 5. HP: 21/49 MP: 5/5
   447 | D:4      | Found an ancient bone altar of Kikubaaqudgha.
   573 | D:4      | Reached XP level 6. HP: 45/57 MP: 6/6
   649 | D:4      | Found a stormy altar of Qazlal.
   649 | D:4      | Found a sparkling altar of Nemelex Xobeh.
   677 | D:4      | Noticed Menkaure
   681 | D:4      | Killed Menkaure
   681 | D:4      | Reached skill level 5 in Axes
   807 | D:4      | Reached XP level 7. HP: 26/64 MP: 7/7
  1003 | D:4      | Found a blossoming altar of Fedhas.
  1018 | D:4      | Noticed an oklob plant
  1099 | D:5      | Entered Level 5 of the Dungeon
  1299 | D:5      | Reached skill level 5 in Shields
  1324 | D:5      | Reached skill level 5 in Armour
  1391 | D:5      | Noticed a hippogriff
  1421 | D:5      | Killed a hippogriff
  1421 | D:5      | Reached skill level 6 in Axes
  1478 | D:5      | Reached XP level 8. HP: 44/73 MP: 8/8
  1503 | D:5      | Reached skill level 7 in Axes
  1637 | D:5      | Found a sacrificial altar of Ru.
  2176 | D:6      | Noticed a two-headed ogre
  2203 | D:6      | Killed a two-headed ogre
  2203 | D:6      | Reached skill level 5 in Fighting
  2203 | D:6      | Reached skill level 8 in Axes
  2256 | D:6      | Got a smoking bronze ring
  2321 | D:6      | Gained mutation: You passively map the area around you.
                  | [Deep Dwarf growth]
  2321 | D:6      | Reached XP level 9. HP: 56/81 MP: 9/9
  2403 | D:6      | Found a staircase to the Ecumenical Temple.
  2458 | Temple   | Entered the Ecumenical Temple
  2619 | D:6      | Reached skill level 9 in Axes
  2778 | D:7      | Noticed Pikel
  2796 | D:7      | Killed Pikel
  2799 | D:7      | Found a glowing golden altar of the Shining One.
  2855 | D:7      | Reached skill level 10 in Axes
  2958 | D:7      | Found a bloodstained altar of Trog.
  2966 | D:7      | Reached XP level 10. HP: 45/92 MP: 8/8
  3280 | D:8      | Identified the cursed ring "Xiruokh" {+Fly rElec rF- Dex-4}
                  | (You found it on level 6 of the Dungeon)
  4225 | D:8      | Found a runed translucent gate.
  4225 | D:8      | Found a runed translucent gate.
  4227 | D:8      | Found a runed translucent gate.
  4228 | D:8      | Noticed Begoul's ghost (novice GnCK)
  4231 | D:8      | Found a roughly hewn altar of Beogh.
  4231 | D:8      | Identified the +10 quarterstaff "Pekkeq" {flame, rF- rN+++
                  | Str+4}
  4232 | D:8      | Found the +2 cloak of the Thief {*Fog Slay-2 SInv Stlth+}
  4443 | D:8      | Killed Begoul's ghost
  4805 | D:2      | Found a faded altar of an unknown god.
  5088 | D:2      | Found a hide-covered altar of Uskayaw.
  5484 | D:9      | Found Counutom's Magic Scroll Boutique.
  5495 | D:9      | Reached skill level 11 in Axes
  5653 | D:9      | Found a burning altar of Makhleb.
  5666 | D:9      | Noticed a balrug
  5670 | D:9      | Noticed an orange demon
  5672 | D:9      | Became a worshipper of Makhleb the Destroyer
  5694 | D:9      | Found a hazy altar of Hepliaklqana.
  5999 | D:10     | Entered Level 10 of the Dungeon
  6023 | D:10     | Reached skill level 1 in Invocations
  6154 | D:10     | Found a staircase to the Lair.
  6244 | D:10     | Reached XP level 11. HP: 53/100 MP: 4/4
  6258 | D:10     | Reached * piety under Makhleb
  6856 | D:11     | Noticed an unseen horror
  6874 | D:11     | Killed an unseen horror
  6874 | D:11     | Reached skill level 12 in Axes
  6932 | D:11     | Noticed a two-headed ogre
  6947 | D:11     | Noticed a two-headed ogre
  6953 | D:11     | Killed a two-headed ogre
  6953 | D:11     | Reached skill level 5 in Invocations
  6961 | D:11     | Killed a two-headed ogre
  7074 | D:11     | Noticed a brown ugly thing
  7077 | D:11     | Reached ** piety under Makhleb
  7092 | D:11     | Killed a brown ugly thing
  7437 | D:11     | Noticed Gastronok
  7486 | D:11     | Killed Gastronok
  7509 | D:11     | Found Asok's Weapon Shoppe.
  7512 | D:11     | Found a staircase to the Orcish Mines.
  7535 | D:11     | Bought a +1 broad axe of electrocution for 221 gold pieces
  7811 | D:12     | Noticed an unseen horror
  7820 | D:12     | Killed an unseen horror
  8131 | D:12     | Noticed Fannar
  8154 | D:12     | Killed Fannar
  8154 | D:12     | Reached XP level 12. HP: 49/111 MP: 7/7
  8168 | D:12     | Noticed a two-headed ogre
  8176 | D:12     | Killed a two-headed ogre
  8195 | D:12     | Noticed Sonja
  8223 | D:12     | Reached skill level 13 in Axes
  8223 | D:12     | Reached skill level 10 in Armour
  8227 | D:12     | Noticed Nergalle
  8229 | D:12     | Reached *** piety under Makhleb
  8243 | D:12     | Killed Nergalle
  8243 | D:12     | Reached skill level 10 in Shields
  8616 | Orc:1    | Entered Level 1 of the Orcish Mines
  8659 | Orc:1    | Noticed an orc warlord
  8679 | Orc:1    | Killed an orc warlord
  8729 | Orc:1    | Noticed an orc high priest
  8731 | Orc:1    | Noticed an orc warlord
  8746 | Orc:1    | Reached **** piety under Makhleb
  8785 | Orc:1    | Killed an orc warlord
  8806 | Orc:1    | Reached skill level 10 in Invocations
  8814 | Orc:1    | Killed an orc high priest
  9008 | Orc:2    | Entered Level 2 of the Orcish Mines
  9008 | Orc:2    | Found Noru's Distillery.
  9033 | Orc:2    | Found a staircase to the Elven Halls.
  9085 | Orc:2    | Found a radiant altar of Vehumet.
  9302 | Orc:2    | Noticed an orc warlord
  9307 | Orc:2    | Reached ***** piety under Makhleb
  9308 | Orc:2    | Reached skill level 14 in Axes
  9315 | Orc:2    | HP: 5/114 [orc warrior/+0 glaive[an orc warlord] (32)]
  9315 | Orc:2    | HP: 1/114 [troll[an orc warlord] (4)]
  9336 | Orc:2    | Reached XP level 13. HP: 43/121 MP: 3/3
  9338 | Orc:2    | HP: 6/121 [troll/exploding inner flame[the player
                  | character] (40)]
  9338 | Orc:2    | HP: 2/121 [orc/exploding inner flame[the player character]
                  | (4)]
  9338 | Orc:2    | Killed an orc warlord
  9435 | Orc:2    | Found Umetoteb's Book Emporium.
  9441 | Orc:2    | Found Setumnutt's Distillery.
  9468 | Orc:2    | Found Ofann's General Store.
  9472 | Orc:2    | Found Jaly's Antique Armour Boutique.
  9595 | Orc:2    | Bought a jewelled plate armour for 644 gold pieces
  9605 | Orc:2    | Identified the cursed +0 plate armour of the Crushed Knives
                  | {Str+5 Dex-4} (You bought it in a shop on level 2 of the
                  | Orcish Mines)
 10072 | Lair:1   | Entered Level 1 of the Lair of Beasts
 10093 | Lair:1   | Reached ****** piety under Makhleb
 10185 | Lair:1   | Noticed Prince Ribbit
 10197 | Lair:1   | Reached skill level 15 in Axes
 10212 | Lair:1   | Killed Prince Ribbit
 10213 | Lair:1   | Reached skill level 1 in Evocations
 10338 | Lair:1   | Gained mutation: You resist negative energy. (rN+) [Deep
                  | Dwarf growth]
 10338 | Lair:1   | Reached XP level 14. HP: 130/130 MP: 5/5
 10961 | Lair:2   | Found a hole to the Spider Nest.
 11698 | Lair:3   | Reached skill level 10 in Fighting
 11847 | Lair:3   | Found a staircase to the Swamp.
 11929 | Lair:3   | Got a spiked helmet
 11930 | Lair:3   | Identified the +1 helmet of the Morning Star {-Cast rCorr
                  | Str+5} (You found it on level 3 of the Lair of Beasts)
 13444 | Lair:5   | Found a staircase to the Slime Pits.
 13482 | Lair:5   | You fall into a shaft and drop 1 floor!
 13482 | Lair:6   | Entered Level 6 of the Lair of Beasts
 14765 | Orc:2    | Bought the +10 plate armour "Dyshrin" {*Contam Rampage rF+
                  | Regen+} for 1465 gold pieces
 14978 | D:14     | Reached skill level 5 in Evocations
 14985 | D:14     | Reached skill level 16 in Axes
 15048 | D:15     | Entered Level 15 of the Dungeon
 15221 | D:15     | Reached XP level 15. HP: 119/140 MP: 5/5
 15447 | D:15     | Paralysed by an orc sorcerer for 7 turns
 15472 | D:15     | Found a staircase to the Depths.
 15910 | D:12     | Killed Sonja
 16020 | Spider:1 | Entered Level 1 of the Spider Nest
 16065 | Spider:2 | Noticed a ghost moth
 16080 | Spider:2 | Killed a ghost moth
 16106 | Spider:3 | Reached skill level 15 in Invocations
 16230 | Spider:4 | Entered Level 4 of the Spider Nest
 16327 | Spider:4 | Reached skill level 17 in Axes
 16358 | Spider:4 | Reached XP level 16. HP: 150/150 MP: 7/7
 16490 | Spider:4 | Got a gossamer rune of Zot
 16902 | Slime:1  | Entered Level 1 of the Pits of Slime
 16902 | Slime:1  | Noticed an acid blob
 16913 | Slime:1  | Killed an acid blob
 16950 | Slime:2  | Noticed an acid blob
 16958 | Slime:2  | Noticed an acid blob
 16960 | Slime:2  | Noticed an acid blob
 16961 | Slime:2  | Killed an acid blob
 16975 | Slime:2  | Reached skill level 1 in Dodging
 17004 | Slime:2  | Killed an acid blob
 17005 | Slime:2  | Killed an acid blob
 17137 | Slime:3  | Noticed an acid blob
 17146 | Slime:3  | Killed an acid blob
 17193 | Slime:5  | Entered Level 5 of the Pits of Slime
 17252 | Slime:5  | Noticed an acid blob
 17265 | Slime:5  | Killed an acid blob
 17330 | Slime:5  | Noticed an acid blob
 17331 | Slime:5  | Reached XP level 17. HP: 158/158 MP: 9/9
 17335 | Slime:5  | Noticed an acid blob
 17337 | Slime:5  | Killed an acid blob
 17347 | Slime:5  | Noticed the Royal Jelly
 17347 | Slime:5  | Killed an acid blob
 17347 | Slime:5  | Reached skill level 18 in Axes
 17348 | Slime:5  | Noticed an acid blob
 17354 | Slime:5  | Killed an acid blob
 17356 | Slime:5  | Noticed an acid blob
 17360 | Slime:5  | Noticed an acid blob
 17361 | Slime:5  | Noticed an acid blob
 17380 | Slime:5  | Noticed an acid blob
 17384 | Slime:5  | Killed an acid blob
 17384 | Slime:5  | Killed an acid blob
 17389 | Slime:5  | Killed an acid blob
 17389 | Slime:5  | Killed an acid blob
 17396 | Slime:5  | Slain by the Royal Jelly

Illustrated notes

Levels and vault maps discovered:
D:1:      mushboom_english_gardens, layout_loops_ring
D:2:      kennysheep_six_static_rooms, layout_basic, old_standard_altar,
          chequers_ecumenical_altar_simple
D:3:      layout_basic, yredelemnul_altar_generic, uniq_ijyb
D:4:      layout_loops_ring, tgw_fedhas, kennysheep_mini,
          amethyst_overflow_temple_binary, uniq_menkaure
D:5:      minmay_recursive_quarters, layout_basic, nicolae_ru_path_of_blood
D:6:      layout_rooms, minmay_temple_entry_hall
D:7:      layout_cave_pools, lightli_temple_of_fire,
          nicolae_tso_besieged_by_evil, chequers_serial_rivers_marsh, uniq_pikel
D:8:      layout_basic, biasface_ghost_orc_armoury
D:9:      layout_cave_pools, makhleb_altar_promises_db, lemuel_doored_altar,
          serial_shops, shop
D:10:     layout_long_grid, minmay_lair_entry_grove
D:11:     layout_loops_corners, orc_david_3, uniq_gastronok
D:12:     kennysheep_blocky_room, layout_long_grid, uniq_fannar, uniq_sonja,
          uniq_nergalle
D:13:     layout_loops_cross, gammafunk_ghost_split
D:14:     layout_long_grid, hangedman_vaults_entry_quadrant_bands, fountainhead
D:15:     grunt_enter_depths_magical_seal, layout_loops_ring, drop_trap
Temple:   minmay_temple_bridge_abc
Lair:1:   layout_gridlike, uniq_prince_ribbit2
Lair:2:   layout_gridlike, spider_nest_entry_rubble, lemuel_fruit_tree,
          grunt_megastairs_1, infiniplex_staircase_pool
Lair:3:   lemuel_ratsnest, layout_loops_ring, swamp_mist_pool,
          beast_lair_carwin_4
Lair:4:   layout_gridlike, grunt_megastairs_4
Lair:5:   layout_small_grid, nicolae_slime_entry_slimehenge, grunt_megastairs_3,
          serial_bayou_shore_b
Lair:6:   cheibrodos_lair_end_hotspot, layout_gridlike
Spider:1: layout_spider_delve, portal_ice_cave_entry_ice_statue_two, drop_trap
Spider:2: cheibrodos_spider_deadly_dance
Spider:3: layout_spider_delve, guppyfry_spider_mini_3
Spider:4: grunt_spider_rune_circles, nicolae_orb_stairs
Slime:1:  layout_caves
Slime:2:  layout_caves
Slime:3:  layout_caves, uniq_dissolution
Slime:4:  layout_caves, cheibrodos_slime_lost_civilization_6
Slime:5
Orc:1:    layout_caves, elf_legates
Orc:2:    st_orc_open, layout_caves, basic_altar, serial_shops, shop_coins,
          sword_in_stone

Skill      XL: |  1  2  3  4  5  6  7  8  9 10 11 12 13 14 15 16 17 |
---------------+----------------------------------------------------+-----
Fighting       | 3 4 5 6 7 8 9 10 11 | 11.7
Axes           | 3 4 5 6 8 10 11 12 14 15 16 17 18 | 18.0
Armour         | 4 5 6 7 9 10 11 12 13 | 13.6
Shields        | 4 5 6 7 8 9 10 11 12 13 | 13.5
Invocations    | 3 7 10 12 14 15 17 | 17.3
Evocations     | 1 5 7 9 |  9.5
Dodging        | 2 3 |  3.4

Action                   |  1- 3 |  4- 6 |  7- 9 | 10-12 | 13-15 | 16-18 || total
-------------------------+-------+-------+-------+-------+-------+-------++-------
Melee: War axe           |    60 |    81 |   332 |   616 |       |       ||  1089
       Broad axe         |       |       |       |   300 |  1010 |   336 ||  1646
Invok: Lesser Servant of |       |       |       |     1 |     4 |     4 ||     9
       Greater Servant o |       |       |       |       |     2 |     6 ||     8
 Abil: Heal Wounds       |       |     3 |    21 |    63 |    16 |    25 ||   128
Evoke: Wand              |       |       |       |       |     4 |     2 ||     6
       Condenser vane    |       |       |       |       |     2 |     4 ||     6
  Use: Scroll            |       |       |       |    31 |    13 |     1 ||    45
       Potion            |       |       |       |     2 |     8 |     4 ||    14
 Stab: Distracted        |       |       |       |       |     1 |     2 ||     3
Armor: Scale mail        |    51 |    40 |   104 |       |       |       ||   195
       Plate armour      |       |       |   132 |   723 |   773 |   344 ||  1972
Dodge: Dodged            |    38 |    31 |   126 |   301 |   319 |   135 ||   950
Block: Kite shield       |    39 |    45 |   287 |   794 |   778 |   321 ||  2264

Table legend: (Time is in decaauts)
 A = Elapsed time spent in this place.
 B = Non-inter-level travel time spent in this place.
 C = Inter-level travel time spent in this place.
 D = Time resting spent in this place.
 E = Time spent auto-exploring this place.
 F = Levels seen in this place.
 G = Mean time per level.
                   A        B        C        D        E       F      G
               +--------+--------+--------+--------+--------+-----+--------+
         Total |  17289 |  15532 |   1757 |    146 |  10815 |  33 |  523.9 |
       Dungeon |  10031 |   8985 |   1046 |      0 |   6523 |  15 |  668.7 |
        Temple |     60 |     40 |     20 |      0 |      0 |   1 |   60.0 |
          Lair |   4724 |   4303 |    421 |      0 |   3460 |   6 |  787.3 |
   Spider Nest |    545 |    492 |     53 |     16 |     53 |   4 |  136.2 |
    Slime Pits |    424 |    407 |     17 |     96 |      0 |   5 |   84.8 |
  Orcish Mines |   1502 |   1305 |    197 |     34 |    779 |   2 |  751.0 |
               +--------+--------+--------+--------+--------+-----+--------+

Top non-repeatable levels by time:
     D:8: 1311 daAuts
    D:11: 1195 daAuts
     D:5: 1065 daAuts
    D:12: 935 daAuts
   Orc:2: 919 daAuts
    D:10: 914 daAuts
  Lair:2: 906 daAuts
  Lair:1: 906 daAuts
  Lair:5: 889 daAuts
  Lair:3: 882 daAuts
     D:4: 772 daAuts
    D:15: 769 daAuts
  Lair:4: 759 daAuts
     D:7: 611 daAuts
     D:2: 598 daAuts
